 Dungeon Crawl Stone Soup version 0.31-a0-692-gf03d1854d5 (webtiles) character file.

Game seed: 14785534650279794164

21 qw the Shooter (level 2, -5/17 HPs)
             Began as a Gargoyle Hunter on Sept 6, 2023.
             Slain by an iguana (9 damage)
             ... on level 2 of the Dungeon.
             The game lasted 00:00:13 (735 turns).

qw the Shooter (Gargoyle Hunter)                     Turns: 735, Time: 00:00:13

Health: -5/17      AC:  6    Str: 14    XL:     2   Next: 83%
Magic:  2/2        EV: 11    Int:  9    God:
Gold:   61         SH:  0    Dex: 13    Spells: 1/1 levels left

rFire   . . .        Y - +1 shortbow
rCold   . . .        (shield currently unavailable)
rNeg    + . .        c - +0 leather armour
rPois   inf          (no helmet)
rElec   +            (no cloak)
rCorr   .            k - +0 pair of gloves
SInv    .            (no boots)
Will    .....        (no amulet)
Stlth   +            (no ring)
HPRegen 0.22/turn    (no ring)
MPRegen 0.08/turn

%: no passive effects
@: no status effects
A: sickness immunity, AC +2, negative energy resistance 1, electricity
resistance, torment resistance 1, petrification resistance
a: no special abilities


You were on level 2 of the Dungeon.
You visited 1 branch of the dungeon, and saw 2 of its levels.

You collected 61 gold pieces.


Innate Abilities, Weirdness & Mutations

You are immune to sickness and miasma.
Your stone body is resilient. (AC +2)
You are immune to poison.
You resist negative energy. (rN+)
You are resistant to electric shocks. (rElec)
You are resistant to unholy torment.
You are immune to petrification.


   Skills:
 - Level 2.1 Fighting
 + Level 4.8 Ranged Weapons
 - Level 1.5 Dodging
 - Level 1.1 Stealth


You had one spell level left.
You didn't know any spells.
Your spell library was empty.

Inventory:

Hand Weapons
 Y - a +1 shortbow (weapon)
Armour
 c - a +0 leather armour (worn)
 k - a +0 pair of gloves (worn)
Potions
 d - a potion of curing
 i - a potion of haste {unknown}
 j - a potion of invisibility {unknown}

Dungeon Overview and Level Annotations

Branches:
Dungeon (2/15)

Altars:


Message History

The arrow barely misses the giant cockroach.
You shoot an arrow. The arrow hits the giant cockroach.
You kill the giant cockroach!
An adder comes into view.
The adder moves out of view.
An iguana comes into view.
The iguana hisses angrily.
An adder comes into view.
You see here an amulet of faith.
You shoot an arrow. The arrow hits the iguana.
The iguana is moderately wounded.
You shoot an arrow.
The arrow hits the iguana but does no damage.
The iguana is moderately wounded.
You shoot an arrow. The arrow closely misses the iguana.
You shoot an arrow. The arrow barely misses the iguana.
You shoot an arrow. The arrow barely misses the iguana.
The iguana bites you.
You shoot an arrow. The arrow hits the iguana.
The iguana is moderately wounded.
The iguana bites you.
You shoot an arrow.
The arrow hits the iguana but does no damage.
The iguana is moderately wounded.
The iguana closely misses you.
You shoot an arrow. The arrow barely misses the iguana.
The arrow hits the adder.
The adder is lightly wounded.
The iguana barely misses you.
The iguana hisses menacingly.
The iguana bites you.
You shoot an arrow. The arrow hits the iguana.
The iguana is heavily wounded.
The iguana barely misses you.
You shoot an arrow.
The arrow hits the iguana but does no damage.
The iguana is heavily wounded.
The iguana bites you!
Ouch! That really hurt!
You die...

........###...#....#
..#..............#......
..#..............+......
#....#........## ....#
.............# ....#
.............# ......
.............##......
...........#.........
...........#.@......#
.......#..#l...#...#
......#..S##.......
......... .......
........ ....... ......
....... ...... .......
.... .......


You could see an iguana and an adder.

Vanquished Creatures
  An adder (D:2)
  An endoplasm (D:1)
  2 giant cockroaches
  2 hobgoblins (D:1)
  A quokka (D:1)
  A ball python (D:2)
  A bat (D:1)
  A frilled lizard (D:2)
  A rat (D:1)
11 creatures vanquished.

Notes
Turn   | Place    | Note
-------+----------+-------------------------------------------
     0 | D:1      | qw the Gargoyle Hunter began the quest for the Orb.
     0 | D:1      | Reached XP level 1. HP: 12/12 MP: 1/1
     0 | D:1      | 0 ||| qw: Version: 0.3-a-76-g4403597
     0 | D:1      | 0 ||| qw: Game counter: 317
     0 | D:1      | 0 ||| qw: Melee chars always use a shield: true
     0 | D:1      | 0 ||| qw: God list: Okawaru
     0 | D:1      | 0 ||| qw: Allow faded altars: false
     0 | D:1      | 0 ||| qw: Do Orc after clearing Dungeon:15 true
     0 | D:1      | 0 ||| qw: Do second Lair branch before Depths: true
     0 | D:1      | 0 ||| qw: Lair rune preference: random
     0 | D:1      | 0 ||| qw: Goals: Normal
     0 | D:1      | 0 ||| PLANNING D:1-11
   305 | D:1      | Reached XP level 2. HP: 17/17 MP: 2/2
   347 | D:1      | Found a faded altar of an unknown god.
   549 | D:1      | 549 ||| UPGRADING to +0 pair of gloves.
   554 | D:1      | 554 ||| DROPPING ring of magical power.
   555 | D:1      | 555 ||| READING 2 scrolls labelled JODOLYGORU.
   656 | D:1      | 656 ||| READING scroll labelled BAIPOCH AGYEC.
   657 | D:1      | 657 ||| READING scroll labelled QUAMIE IKHLO.
   658 | D:1      | 658 ||| DRINKING 2 brown potions.
   659 | D:1      | 659 ||| DROPPING scroll of silence.
   660 | D:1      | 660 ||| DROPPING scroll of butterflies.
   733 | D:2      | HP: 3/17 [iguana (6)]
   735 | D:2      | Slain by an iguana

Levels and vault maps discovered:
D:1:      minmay_arrival_semitransparent, layout_loops_ring,
          shapermc_ecumenical_altar_mp_highgroup
D:2:      layout_basic, corexii_shack

Action                     || total
---------------------------++-------
   Fire: Shortbow          ||    39
    Use: Scroll            ||     3
         Potion            ||     1
 Armour: Leather armour    ||     9
  Dodge: Dodged            ||     7

Table legend:
 A = Non-vault XP
 B = Vault XP
 C = Vault XP percentage of total XP
 D = Non-vault monster count
 E = Vault monster count
 F = Vault count percentage of total count
                 A         B        C        D         E       F
            +---------+---------+-------+---------+---------+-------
      Total |      30 |       0 |   0.0 |      11 |       0 |   0.0
            +---------+---------+-------+---------+---------+-------
        D:1 |      12 |       0 |   0.0 |       7 |       0 |   0.0
        D:2 |      18 |       0 |   0.0 |       4 |       0 |   0.0
            +---------+---------+-------+---------+---------+-------
